[Event "GER-chT States Women 2022"]
[Site "Braunfels"]
[Date "2022.06.19"]
[Round "5.28"]
[White "Kiesel, Lara"]
[Black "Grining, Maria"]
[Result "1/2-1/2"]
[ECO "B24"]
[WhiteElo "1737"]
[BlackElo "1759"]
[Annotator "NA RC"]
[PlyCount "69"]
[EventDate "2022.06.15"]
[EventType "swiss"]
[EventCountry "GER"]
[SourceTitle "playchess.com"]
[Source "ChessBase"]
[SourceQuality "1"]
[TimeControl "40/5400+30:1800+30"]

1. e4 c5 2. Nc3 Nc6 3. Bb5 g6 4. Bxc6 bxc6 5. f4 Bg7 6. Nf3 Nf6 7. O-O d6 8. d3 Rb8 9. Qe1 O-O 10. h3 h5 11. Ng5 Nh7 12. Nxh7 Kxh7 13. f5 Rh8 14. g4 hxg4 15. Qh4+ Kg8 16. Qxg4 e5 17. Kg2 Qh4 18. b3 gxf5 19. exf5 Rb4 20. Ne4 Qxg4+ 21. hxg4 d5 22. Nf2 e4 23. Rb1 exd3 24. cxd3 Be5 25. a3 Rh2+ 26. Kf3 Rb8 27. Bf4 Bxf4 28. Kxf4 c4 29. Kg3 Rh6 30. bxc4 Rxb1 31. Rxb1 Ba6 32. cxd5 cxd5 33. d4 Rc6 34. Rb8+ Kg7 35. Ra8 1/2-1/2

[Event "GER-chT States Women 2022"]
[Site "Braunfels"]
[Date "2022.06.19"]
[Round "5.29"]
[White "Malachowski, Margrit"]
[Black "Wilmink, Anna"]
[Result "1-0"]
[ECO "A05"]
[WhiteElo "2061"]
[BlackElo "1700"]
[Annotator "NA RC"]
[PlyCount "67"]
[EventDate "2022.06.15"]
[EventType "swiss"]
[EventCountry "GER"]
[SourceTitle "playchess.com"]
[Source "ChessBase"]
[SourceQuality "1"]
[TimeControl "40/5400+30:1800+30"]

1. Nf3 Nf6 2. c4 c5 3. b3 d5 4. e3 Bf5 5. Bb2 e6 6. Nc3 Nc6 7. cxd5 exd5 8. d3 Be7 9. Be2 O-O 10. Rc1 Rc8 11. O-O h6 12. Re1 Re8 13. Bf1 Bf8 14. h3 Bg6 15. a3 a6 16. Ne2 Bd6 17. d4 cxd4 18. Nexd4 Nxd4 19. Qxd4 Re4 20. Qd2 Rxc1 21. Rxc1 Re6 22. b4 Bh5 23. Nd4 Re5 24. f4 Re8 25. Nf5 Bg6 26. Nh4 Be4 27. Nf3 Qe7 28. Bd4 Qe6 29. Qf2 Nh5 30. Qh4 Qg6 ({Black should try} 30... Bxf3 $11 31. gxf3 g6) 31. Kf2 f5 32. g4 Be7 $18 (32... Bxf3 $11 33. gxh5 Bxh5) 33. Qxh5 Qe6 34. Qxe8+ 1-0

[Event "GER-chT States Women 2022"]
[Site "Braunfels"]
[Date "2022.06.19"]
[Round "5.30"]
[White "Balazs, Kata"]
[Black "Landenberger, Anja Kathrin"]
[Result "1-0"]
[ECO "D00"]
[WhiteElo "1679"]
[BlackElo "1767"]
[Annotator "NA RC"]
[PlyCount "54"]
[EventDate "2022.06.15"]
[EventType "swiss"]
[EventCountry "GER"]
[SourceTitle "playchess.com"]
[Source "ChessBase"]
[SourceQuality "1"]
[TimeControl "40/5400+30:1800+30"]

1. d4 d5 2. Nc3 Nf6 3. Bf4 c6 4. e3 Bf5 5. f3 h5 6. Bd3 Bxd3 7. Qxd3 e6 8. Nge2 Bd6 9. e4 Bxf4 10. Nxf4 Na6 11. O-O-O Qc7 12. Qe3 O-O-O 13. a3 Nd7 14. exd5 cxd5 15. Nd3 Nb6 16. Ne5 Kb8 17. Nb5 Qe7 18. Qf4 Ka8 19. Qxf7 Qg5+ 20. f4 Qxg2 21. Qxe6 Rc8 22. c3 Na4 23. Nd3 Rc6 24. Qd7 Rhc8 25. Rhg1 Qe2 26. Rxg7 Rb8 27. Qxd5 Rf6 1-0

[Event "GER-chT States Women 2022"]
[Site "Braunfels"]
[Date "2022.06.19"]
[Round "5.31"]
[White "Kuehnel, Jutta"]
[Black "Grabowski, Petra"]
[Result "1/2-1/2"]
[ECO "C01"]
[WhiteElo "1547"]
[BlackElo "1635"]
[Annotator "NA RC"]
[PlyCount "44"]
[EventDate "2022.06.15"]
[EventType "swiss"]
[EventCountry "GER"]
[SourceTitle "playchess.com"]
[Source "ChessBase"]
[SourceQuality "1"]
[TimeControl "40/5400+30:1800+30"]

1. e4 e6 2. d4 d5 3. exd5 exd5 4. Nf3 Nf6 5. Be2 Bd6 6. Bg5 Bg4 7. h3 Bh5 8. Nc3 c6 9. Qd3 Nbd7 10. Nh4 Bxe2 11. Qxe2+ Qe7 12. Nf5 Qxe2+ 13. Kxe2 Bf8 14. Rhe1 O-O-O 15. Kd3 Re8 16. Bf4 g6 17. Rxe8+ Nxe8 18. Re1 Kd8 19. Nh6 Bxh6 20. Bxh6 Rg8 21. Bf4 g5 22. Bh2 f5 1/2-1/2

[Event "GER-chT States Women 2022"]
[Site "Braunfels"]
[Date "2022.06.19"]
[Round "5.32"]
[White "Hielscher, Ursula"]
[Black "Chung, Simone"]
[Result "1-0"]
[ECO "D55"]
[WhiteElo "1717"]
[BlackElo "1458"]
[Annotator "NA RC"]
[PlyCount "69"]
[EventDate "2022.06.15"]
[EventType "swiss"]
[EventCountry "GER"]
[SourceTitle "playchess.com"]
[Source "ChessBase"]
[SourceQuality "1"]
[TimeControl "40/5400+30:1800+30"]

1. d4 d5 2. c4 e6 3. Nc3 Nf6 4. Bg5 Be7 5. e3 O-O 6. Nf3 c6 7. Be2 dxc4 8. Bxc4 Nbd7 9. O-O Nb6 10. Bd3 Nbd5 11. e4 Nb6 12. Qc2 h6 13. Bh4 Re8 14. Rfd1 Bd7 15. Rac1 Rc8 16. a4 c5 17. dxc5 Rxc5 18. Bb5 a6 19. Bxd7 Nfxd7 20. Bg3 Qc8 21. b4 Rc6 22. Nd4 Rc4 23. a5 Bxb4 24. axb6 Rxc3 25. Qb2 Rxc1 26. Rxc1 Bc5 27. Nb3 Qc6 28. Qc3 Rc8 29. Qd3 Qa4 30. h3 Kf8 31. Bd6+ Ke8 32. Bxc5 Ne5 33. Qd6 Nc6 34. Qf8+ Kd7 35. Rd1+ 1-0

[Event "GER-chT States Women 2022"]
[Site "Braunfels"]
[Date "2022.06.19"]
[Round "5.33"]
[White "Wagner, Margarethe"]
[Black "Krasnopeyeva, Julia"]
[Result "1-0"]
[ECO "B42"]
[WhiteElo "1902"]
[BlackElo "1939"]
[Annotator "NA RC"]
[PlyCount "43"]
[EventDate "2022.06.15"]
[EventType "swiss"]
[EventCountry "GER"]
[SourceTitle "playchess.com"]
[Source "ChessBase"]
[SourceQuality "1"]
[TimeControl "40/5400+30:1800+30"]

1. e4 c5 2. Nf3 e6 3. d4 cxd4 4. Nxd4 a6 5. Bd3 Qc7 6. O-O Nf6 7. Qe2 h5 8. h3 h4 9. c4 Nc6 10. Nxc6 dxc6 11. e5 Nh5 12. Kh1 Be7 13. Nc3 c5 14. a4 Bd7 15. Bd2 O-O-O 16. Be4 g5 17. Nb5 axb5 18. axb5 Bxb5 19. cxb5 Kd7 20. Ba5 b6 21. Bc6+ Kc8 22. Bc3 1-0

[Event "GER-chT States Women 2022"]
[Site "Braunfels"]
[Date "2022.06.19"]
[Round "5.34"]
[White "Mader, Lena"]
[Black "Wagner, Victoria"]
[Result "1-0"]
[ECO "A13"]
[WhiteElo "1789"]
[BlackElo "1806"]
[Annotator "NA RC"]
[PlyCount "118"]
[EventDate "2022.06.15"]
[EventType "swiss"]
[EventCountry "GER"]
[SourceTitle "playchess.com"]
[Source "ChessBase"]
[SourceQuality "1"]
[TimeControl "40/5400+30:1800+30"]

1. c4 e6 2. g3 d5 3. Bg2 Nf6 4. Nf3 Be7 5. b3 d4 6. O-O O-O 7. Bb2 Nc6 8. e3 e5 9. exd4 exd4 10. d3 Bf5 11. a3 a5 12. Re1 Qd7 13. Qc2 Rad8 14. Nbd2 Bc5 15. Ne5 Nxe5 16. Rxe5 b6 17. Rae1 Bd6 18. R5e2 c5 19. Bc1 Rfe8 20. Ne4 Bxe4 21. Bxe4 Nxe4 22. Rxe4 f5 23. Rxe8+ Rxe8 24. Qd1 Re6 25. Kg2 Qb7+ 26. f3 Qe7 27. Kf2 f4 28. Re4 Rxe4 29. fxe4 Qg5 30. Kg2 f3+ 31. Kf2 Qh5 32. h4 Bxg3+ 33. Kxg3 Qg6+ 34. Bg5 h6 35. Qxf3 hxg5 36. h5 Qf6 37. Qf5 Qd6+ 38. e5 Qc6 39. Qf3 Qe8 40. Qd5+ Kh7 41. Kg4 a4 42. bxa4 Qxa4 43. Kxg5 Qxa3 44. Qe4+ Kh8 45. Kg6 Qa1 46. Qg4 Qa8 47. Qf5 Qg2+ 48. Kf7 Qb7+ 49. Ke8 Qb8+ 50. Kd7 b5 51. cxb5 Qxb5+ 52. Kd6 c4 53. dxc4 Qxc4 54. e6 Qa6+ 55. Ke5 d3 56. e7 Qa5+ 57. Ke6 Qe1+ 58. Qe5 d2 59. e8=Q+ Kh7 1-0

[Event "GER-chT States Women 2022"]
[Site "Braunfels"]
[Date "2022.06.19"]
[Round "5.35"]
[White "Albayrak, Nese Pinar"]
[Black "Bazzazi, Elnaz"]
[Result "1-0"]
[ECO "C65"]
[WhiteElo "1683"]
[BlackElo "1749"]
[Annotator "NA RC"]
[PlyCount "85"]
[EventDate "2022.06.15"]
[EventType "swiss"]
[EventCountry "GER"]
[SourceTitle "playchess.com"]
[Source "ChessBase"]
[SourceQuality "1"]
[TimeControl "40/5400+30:1800+30"]

1. e4 e5 2. Nf3 Nc6 3. Bb5 Bc5 4. O-O Nf6 5. d3 d6 6. c3 O-O 7. h3 d5 8. exd5 Qxd5 9. Bxc6 bxc6 10. Re1 e4 11. dxe4 Nxe4 12. Nd4 Rd8 13. Qf3 f5 14. Be3 Rb8 15. b3 Bd6 16. Bf4 c5 17. Ne2 Bb7 18. c4 Qf7 19. Nbc3 g5 20. Bh2 g4 21. hxg4 Bxh2+ 22. Kxh2 Qf6 23. Qxf5 Qh6+ 24. Kg1 Rf8 25. Qh5 Qf6 26. Nxe4 Bxe4 27. f3 Bb7 28. Qxc5 Rbe8 29. Ng3 Qc3 30. Ne4 Bxe4 31. fxe4 Re5 32. Qe3 Qb2 33. Qe2 Qd4+ 34. Qe3 Qb2 35. Rad1 Rxe4 36. Qg5+ Kh8 37. Rxe4 Qc2 38. Qe5+ Kg8 39. Qg5+ Kh8 40. Rde1 Qf2+ 41. Kh1 Rg8 42. Qf4 Qb6 43. Re7 1-0

[Event "GER-chT States Women 2022"]
[Site "Braunfels"]
[Date "2022.06.19"]
[Round "5.36"]
[White "Ramm, Madlen"]
[Black "Pavlov, Liliane"]
[Result "0-1"]
[ECO "B23"]
[WhiteElo "1732"]
[BlackElo "1742"]
[Annotator "NA RC"]
[PlyCount "72"]
[EventDate "2022.06.15"]
[EventType "swiss"]
[EventCountry "GER"]
[SourceTitle "playchess.com"]
[Source "ChessBase"]
[SourceQuality "1"]
[TimeControl "40/5400+30:1800+30"]

1. e4 c5 2. Nc3 d6 3. f4 Nf6 4. Bb5+ Bd7 5. Bxd7+ Qxd7 6. d3 Nc6 7. Nf3 g6 8. O-O Bg7 9. Qe1 O-O 10. a3 a6 11. Qh4 Qg4 12. Qxg4 Nxg4 13. h3 Nf6 14. Ne2 b5 15. c3 Rfb8 16. Rb1 b4 17. axb4 cxb4 18. c4 a5 19. e5 Nd7 20. d4 a4 21. Nd2 dxe5 22. fxe5 Bh6 23. Rf3 Nb6 24. h4 Na5 25. c5 Nd5 26. g4 Be3+ 27. Kg2 a3 28. bxa3 bxa3 29. Rxb8+ Rxb8 30. Nf1 a2 31. Nxe3 Nxe3+ 32. Bxe3 a1=Q 33. h5 Qa2 34. Rf2 Qd5+ 35. Rf3 Rb2 36. Kf2 Qc4 0-1

[Event "GER-chT States Women 2022"]
[Site "Braunfels"]
[Date "2022.06.19"]
[Round "5.37"]
[White "Prinzen, Siri Marleen"]
[Black "Marx, Christina"]
[Result "1/2-1/2"]
[ECO "A45"]
[WhiteElo "1744"]
[BlackElo "1587"]
[Annotator "NA RC"]
[PlyCount "54"]
[EventDate "2022.06.15"]
[EventType "swiss"]
[EventCountry "GER"]
[SourceTitle "playchess.com"]
[Source "ChessBase"]
[SourceQuality "1"]
[TimeControl "40/5400+30:1800+30"]

1. d4 Nf6 2. Bf4 e6 3. e3 b6 4. c4 Bb4+ 5. Nd2 Bb7 6. a3 Be7 7. Ngf3 d6 8. Be2 Nbd7 9. Qc2 c5 10. Rc1 Nh5 11. Bg3 Nxg3 12. hxg3 h6 13. Ne4 Nf6 14. Qa4+ Qd7 15. Qxd7+ Nxd7 16. Nc3 O-O 17. d5 Nf6 18. e4 e5 19. Nh4 Bc8 20. Nf5 Bxf5 21. exf5 Kh7 22. g4 Ne8 23. Ne4 g5 24. Bd1 f6 25. Ba4 Nc7 26. Nc3 a6 27. Bc6 Rab8 1/2-1/2

[Event "GER-chT States Women 2022"]
[Site "Braunfels"]
[Date "2022.06.19"]
[Round "5.38"]
[White "Mueller, Riyanna"]
[Black "Albayrak, Berrak"]
[Result "0-1"]
[ECO "B08"]
[WhiteElo "1521"]
[BlackElo "1569"]
[Annotator "NA RC"]
[PlyCount "62"]
[EventDate "2022.06.15"]
[EventType "swiss"]
[EventCountry "GER"]
[SourceTitle "playchess.com"]
[Source "ChessBase"]
[SourceQuality "1"]
[TimeControl "40/5400+30:1800+30"]

1. e4 d6 2. d4 Nf6 3. Nc3 g6 4. Nf3 Bg7 5. Be3 O-O 6. Qd2 Re8 7. Bh6 Bh8 8. O-O-O c6 9. h4 b5 10. Bd3 e5 11. d5 b4 12. Ne2 cxd5 13. Bb5 Bd7 14. Bxd7 Qxd7 15. exd5 Qa4 16. Kb1 Rc8 17. Ne1 Na6 18. h5 Rc7 19. hxg6 fxg6 20. f4 Rac8 21. fxe5 Ne4 22. Qf4 Rxc2 23. Rf1 Rxb2+ 24. Kxb2 Bxe5+ 25. Qxe5 dxe5 26. Rd3 Nd6 27. Ng3 e4 28. Nxe4 Nxe4 29. Rdf3 Qe8 30. Nd3 Nac5 31. Ne5 Qxe5+ 0-1

[Event "GER-chT States Women 2022"]
[Site "Braunfels"]
[Date "2022.06.19"]
[Round "5.39"]
[White "Schilay, Maria"]
[Black "Anisimova, Mariya"]
[Result "0-1"]
[ECO "C47"]
[WhiteElo "1568"]
[BlackElo "1386"]
[Annotator "NA RC"]
[PlyCount "66"]
[EventDate "2022.06.15"]
[EventType "swiss"]
[EventCountry "GER"]
[SourceTitle "playchess.com"]
[Source "ChessBase"]
[SourceQuality "1"]
[TimeControl "40/5400+30:1800+30"]

1. e4 e5 2. Nf3 Nc6 3. Nc3 Nf6 4. a3 Bc5 5. Nxe5 Nxe5 6. d4 Bxd4 7. Qxd4 d6 8. f4 Nc6 9. Qd3 Be6 10. Be2 Qe7 11. b3 O-O-O 12. Bb2 Kb8 13. O-O-O d5 14. e5 Ne4 15. Qf3 f5 16. exf6 Nxf6 17. Rhe1 Bg4 18. Qd3 Qf7 19. g3 h5 20. Bf3 Bxf3 21. Qxf3 Ne7 22. Rd2 Rd7 23. Rde2 Rhd8 24. Qf2 Nc8 25. Nb5 Ne4 26. Qg2 a6 27. Nd4 Ncd6 28. Nf3 Re7 29. Ng5 Qf5 30. Nxe4 Nxe4 31. Be5 Rxe5 32. Rxe4 Rxe4 33. Rxe4 Qxe4 0-1

[Event "GER-chT States Women 2022"]
[Site "Braunfels"]
[Date "2022.06.19"]
[Round "5.40"]
[White "Perovic-Ottstadt, Sanja"]
[Black "Alferova, Emily"]
[Result "0-1"]
[ECO "D05"]
[WhiteElo "1507"]
[BlackElo "1536"]
[Annotator "NA RC"]
[PlyCount "74"]
[EventDate "2022.06.15"]
[EventType "swiss"]
[EventCountry "GER"]
[SourceTitle "playchess.com"]
[Source "ChessBase"]
[SourceQuality "1"]
[TimeControl "40/5400+30:1800+30"]

1. d4 d5 2. Nf3 Nf6 3. e3 e6 4. Bd3 c5 5. c3 Nbd7 6. Nbd2 b6 7. O-O Bb7 8. Re1 Be7 9. e4 cxd4 10. Nxd4 dxe4 11. Nxe4 O-O 12. Bg5 h6 13. Bh4 Re8 14. Nf3 Qc7 15. Nxf6+ Bxf6 16. Bxf6 Nxf6 17. Qe2 Red8 18. Rad1 a6 19. Bc2 Qe7 20. Rxd8+ Rxd8 21. Rd1 Rxd1+ 22. Qxd1 Qc7 23. h3 Nd5 24. Qd4 Nf4 25. Qe5 Qxe5 26. Nxe5 Bxg2 27. h4 Bb7 28. Nd7 Nd5 29. c4 Bc8 30. cxd5 Bxd7 31. dxe6 Bxe6 32. b3 Kf8 33. Be4 Ke7 34. f4 a5 35. f5 Bd7 36. Kf2 Kf6 37. Ke3 Bxf5 0-1